 Dungeon Crawl Stone Soup version 0.17.1-1-g73c8601 (webtiles) character file.

1285 shmeve the Chopper (level 8, -1/57 HPs)
             Began as an Octopode Berserker on Apr 20, 2016.
             Was an Elder of Trog.
             Splashed by a jelly's acid (5 damage)
             ... on level 7 of the Dungeon.
             The game lasted 00:11:17 (6132 turns).

shmeve the Chopper (Octopode Berserker)             Turns: 6132, Time: 00:11:18

Health: -1/57      AC: -15   Str: 19    XL:     8   Next: 55%
Magic:  8/8        EV: 15    Int:  9    God:    Trog [****..]
Gold:   330        SH:  0    Dex: 11    Spells: 0 memorised, 7 levels left

rFire  . . .     SeeInvis .     a - +0 hand axe
rCold  . . .     Clarity  .     (no shield)
rNeg   . . .     SustAt   .     (helmet restricted)
rPois  .         Gourm    .     (no amulet)
rElec  .         Spirit   .     n - +1 ring of evasion
rCorr  .         Warding  .     B - ring of invisibility
rMut   .         Stasis   .     (no ring)
MR     .....                    (no ring)
Stlth  ++++......               (no ring)
                                (no ring)
                                (no ring)
                                (no ring)

@: corroded equipment, not resistant to hostile enchantments, stealthy
A: almost no armour, amphibious, 8 rings, constrict 8, camouflage 1, gelatinous
body 1
a: Berserk, Trog's Hand, Brothers in Arms, Burn Spellbooks, Renounce Religion,
Evoke Invisibility


You were on level 7 of the Dungeon.
You worshipped Trog.
Trog was greatly pleased with you.
You were not hungry.

You visited 1 branch of the dungeon, and saw 7 of its levels.

You collected 330 gold pieces.

Inventory:

Hand Weapons
 a - a +0 hand axe (weapon)
Jewellery
 n - a +1 ring of evasion (left tentacle)
 B - a ring of invisibility (right tentacle)
Wands
 y - a wand of digging (5)
Scrolls
 f - 7 scrolls of identify {unknown}
 g - a scroll of amnesia {unknown}
 h - 3 scrolls of random uselessness {unknown}
 i - a scroll of magic mapping {unknown}
 j - 2 scrolls of blinking {unknown}
 o - 8 scrolls of remove curse {unknown}
 p - 3 scrolls of recharging {unknown}
 q - 4 scrolls of noise {unknown}
 u - 2 scrolls of teleportation {unknown}
 A - 2 scrolls of enchant weapon {unknown}
Potions
 c - a potion of beneficial mutation {unknown}
 d - 2 potions of might
 e - 2 potions of brilliance {unknown}
 l - a potion of resistance {unknown}
 m - 5 potions of curing {unknown}
 s - a potion of mutation {unknown}
 t - a potion of haste {unknown}
 v - a potion of agility {unknown}
 x - a potion of invisibility {unknown}
Comestibles
 b - 5 bread rations
 k - 6 meat rations
 w - a beef jerky
 z - 2 slices of pizza


   Skills:
 * Level 6.2 Fighting
 * Level 6.3 Axes
 * Level 6.0 Dodging
 + Level 4.9 Stealth


You had 7 spell levels left.
You didn't know any spells.

Dungeon Overview and Level Annotations

Branches:
Dungeon (7/15)             Temple (0/1) D:4

Altars:
Cheibriados
Elyvilon
Gozag
Kikubaaqudgha
Makhleb
Okawaru
Ru
Yredelemnul
Zin
The Shining One


Innate Abilities, Weirdness & Mutations

You cannot wear most types of armour.
You are amphibious.
You can wear up to eight rings at the same time.
You can use your tentacles to constrict eight enemies at once.
Your skin changes colour to match your surroundings (Stealth).
Your rubbery body absorbs attacks (AC +1).


Message History

The jelly is heavily wounded.
The jelly barely misses you.
You hit the jelly but do no damage.
Your tentacles burn!
The jelly is heavily wounded.
The jelly hits you.
You are splashed with acid!
The acid corrodes you!
The acid burns!
You hit the jelly but do no damage.
Your tentacles burn!
The jelly is heavily wounded.
The jelly hits you.
You are splashed with acid!
The acid corrodes you!
The acid burns!
* * * LOW HITPOINT WARNING * * *
You hit the jelly but do no damage. The acid corrodes you!
Your tentacles burn!
* * * LOW HITPOINT WARNING * * *
The jelly is heavily wounded.
The jelly hits you.
* * * LOW HITPOINT WARNING * * *
You are splashed with acid!
The acid burns!
* * * LOW HITPOINT WARNING * * *
You hit the jelly but do no damage.
Your tentacles burn!
You die...

#### ... #.. # #.# #.
#.# # #..##.##.#
#..J@....# #####.####
##.##
##...##########+##
#...........##...##
##...######.#.....#
##.#.## #........
#######....####........
..............+........


You could see a jelly.

Vanquished Creatures
  2 orc warriors (D:7)
  An ogre (D:5)
  A centaur (D:5)
  A scorpion (D:3)
  3 crimson imps (D:5)
  A giant frog zombie (D:6)
  An iguana (D:5)
  2 hounds
  2 orc priests (D:4)
  5 orc wizards
  6 worker ants
  A hound zombie (D:5)
  2 hound skeletons
  A worker ant zombie (D:5)
  8 adders
  3 gnolls (D:6)
  2 oozes (D:3)
  An adder skeleton (D:5)
  3 worms
  2 giant geckos
  12 orcs
  7 giant cockroaches
  10 hobgoblins
  14 jackals
  5 ball pythons
  6 bats
  A giant gecko skeleton (D:4)
  8 giant newts
  10 goblins
  A jackal skeleton (D:5)
  8 kobolds
  2 quokkas
  A quokka zombie (D:5)
  4 rats
137 creatures vanquished.

Notes
Turn   | Place    | Note
--------------------------------------------------------------
     0 | D:1      | shmeve the Octopode Berserker began the quest for the Orb.
     0 | D:1      | Reached XP level 1. HP: 16/16 MP: 1/1
   128 | D:1      | Reached XP level 2. HP: 17/21 MP: 2/2
   547 | D:1      | Reached ** piety under Trog
   592 | D:2      | Reached skill level 1 in Stealth
   592 | D:2      | Reached XP level 3. HP: 19/26 MP: 3/3
   758 | D:2      | Found a glowing silver altar of Zin.
   759 | D:2      | Found a white marble altar of Elyvilon.
   760 | D:2      | Found a glowing golden altar of the Shining One.
   794 | D:2      | Found a faded altar to an unknown god.
  1137 | D:2      | Reached XP level 4. HP: 31/31 MP: 4/4
  1188 | D:2      | Reached skill level 4 in Axes
  1424 | D:3      | Reached XP level 5. HP: 26/37 MP: 5/5
  1551 | D:3      | Reached *** piety under Trog
  2059 | D:3      | Found an iron altar of Okawaru.
  2060 | D:3      | Found a sacrificial altar of Ru.
  2062 | D:3      | Found a burning altar of Makhleb.
  2062 | D:3      | Found an opulent altar of Gozag.
  2062 | D:3      | Found a snail-covered altar of Cheibriados.
  2064 | D:3      | Found an ancient bone altar of Kikubaaqudgha.
  2064 | D:3      | Found a basalt altar of Yredelemnul.
  2694 | D:4      | Found a staircase to the Ecumenical Temple.
  2705 | D:4      | Reached XP level 6. HP: 32/43 MP: 6/6
  3115 | D:4      | Reached skill level 5 in Axes
  3249 | D:5      | Entered Level 5 of the Dungeon
  3264 | D:5      | Received a gift from Trog
  3264 | D:5      | Reached XP level 7. HP: 16/49 MP: 7/7
  3503 | D:5      | Reached skill level 5 in Dodging
  4007 | D:5      | Reached skill level 5 in Fighting
  4985 | D:5      | Reached XP level 8. HP: 48/56 MP: 8/8
  5040 | D:5      | Reached **** piety under Trog
  5847 | D:7      | Reached skill level 6 in Axes
  6132 | D:7      | Splashed by a jelly's acid

Action                   |  1- 3 |  4- 6 |  7- 9 || total
-------------------------+-------+-------+-------++-------
Melee: Hand axe          |    58 |   143 |   120 ||   321
Invok: Berserk           |       |     3 |     2 ||     5
       Trog's Hand       |       |     2 |       ||     2
 Stab: Sleeping          |     8 |    11 |     4 ||    23
  Eat: Chunk             |     1 |    10 |    11 ||    22
